 Dungeon Crawl Stone Soup version 0.21.1-1-g345015f (webtiles) character file.

1 shakethe the Grave Robber (level 1, -3/13 HPs)
             Began as a Demonspawn Necromancer on Feb 15, 2018.
             Killed from afar by a dart slug (4 damage)
             ... with a slug dart
             ... on level 1 of the Dungeon.
             The game lasted 00:01:14 (81 turns).

shakethe the Grave Robber (Demonspawn Necromancer)    Turns: 81, Time: 00:01:14

Health: -3/13      AC:  2    Str:  8    XL:     1   Next: 16%
Magic:  2/3        EV: 12    Int: 16    God:
Gold:   0          SH:  0    Dex: 13    Spells: 3/4 levels left

rFire    . . .     SeeInvis .   (no weapon)
rCold    . . .     Gourm    .   (no shield)
rNeg     . . .     Faith    .   a - +0 robe
rPois    .         Spirit   .   (no helmet)
rElec    .         Reflect  .   (no cloak)
rCorr    .         Harm     .   (no gloves)
MR       .....                  (no boots)
Stlth    ++........             (no amulet)
HPRegen  0.04/turn              (no ring)
MPRegen  0.08/turn              (no ring)

@: no status effects
A: no striking features
a: no special abilities


You were on level 1 of the Dungeon.
You were not hungry.

You visited 1 branch of the dungeon, and saw 1 of its levels.

Inventory:

Armour
 a - a +0 robe (worn)
Books
 b - a book of Necromancy
Comestibles
 c - a ration


   Skills:
 - Level 1.7 Dodging
 - Level 1.8 Stealth
 + Level 2.0 Spellcasting
 - Level 4.3 Necromancy


You had 3 spell levels left.
You knew the following spells:

 Your Spells              Type           Power        Failure   Level  Hunger
a - Pain                  Necr           ###.         3%          1    #......


Dungeon Overview and Level Annotations

Branches:
Dungeon (1/15)

Altars:


Message History

Welcome, shakethe the Demonspawn Necromancer.
Will you be the one to retrieve the fabulous Orb of Zot from the depths?
Found a staircase leading out of the dungeon.
You open the door.
A rat comes into view.
There is an open door here.
You hit the rat but do no damage. You barely miss the rat.
The rat bites you but does no damage.
You barely miss the rat. The rat barely misses you.
You closely miss the rat. The rat misses you.
You closely miss the rat. The rat closely misses you.
You hit the rat but do no damage. The rat misses you.
Aim: a rat (chance to defeat MR: 85%)
The rat barely resists.
The rat twitches its whiskers.
The rat closely misses you.
You take 1 damage, and have 12/13 hp.
You now have 2/3 mp.
Aim: a rat (chance to defeat MR: 85%)
You miscast Pain.
You are very lightly contaminated with residual magic.
Nothing appears to happen.
The rat barely misses you.
You now have 1/3 mp.
Aim: a rat (chance to defeat MR: 85%)
The rat writhes in agony!
You kill the rat!
You take 1 damage, and have 11/13 hp.
You now have 0/3 mp.
You see here a ring mail.
Welcome back, shakethe the Demonspawn Necromancer.
Welcome back, shakethe the Demonspawn Necromancer.
You are already empty-handed.
As you open the door, it creaks loudly!
There is an open door here.
There is an open door here.
You see here a ring mail.
You open the door.
There is an open door here.
Your magical contamination has completely faded away.
A goblin comes into view.
A dart slug comes into view.
Aim: a goblin (chance to defeat MR: 85%)
The goblin writhes in agony!
The dart slug launches a dart at you. The slug dart hits you!
You take 4 damage, and have 8/13 hp.
MASSIVE DAMAGE!!
You now have 1/3 mp.
Aim: a goblin (severely wounded, chance to defeat MR: 85%)
The goblin barely resists.
You take 1 damage, and have 7/13 hp.
You now have 0/3 mp.
Unknown command.
You don't have enough magic to cast that spell.
The goblin hits you.
You take 1 damage, and have 6/13 hp.
There is an open door here.
You see here a ring mail.
There is an open door here.
The goblin hits you.
You take 3 damage, and have 4/13 hp.
MASSIVE DAMAGE!!
You barely miss the goblin. The goblin hits you but does no damage.
Aim: a goblin (moderately wounded, chance to defeat MR: 85%)
The goblin writhes in agony!
You kill the goblin!
You take 1 damage, and have 3/13 hp.
You now have 0/3 mp.
You start resting.
You hit the dart slug but do no damage. The dart slug barely misses you.
You hit the dart slug but do no damage. The dart slug bites you.
* * * LOW HITPOINT WARNING * * *
You take 1 damage, and have 2/13 hp.
You hit the dart slug. You hit the dart slug but do no damage.
The dart slug barely misses you.
You hit the dart slug but do no damage. The dart slug barely misses you.
You hit the dart slug. The dart slug misses you.
You hit the dart slug. You hit the dart slug but do no damage.
The dart slug barely misses you.
You hit the dart slug but do no damage.
The dart slug bites you but does no damage.
You hit the dart slug but do no damage. You hit the dart slug.
The dart slug closely misses you.
You hit the dart slug but do no damage. The dart slug bites you.
* * * LOW HITPOINT WARNING * * *
You take 2 damage, and have 1/13 hp.
You hit the dart slug but do no damage. You hit the dart slug but do no damage.
The dart slug bites you but does no damage.
You hit the dart slug but do no damage. The dart slug launches a dart at you.
The slug dart hits you!
You die...

#....#..'.[.+
#...!#..#...#
####.####...#
.. #...# ##
+...+ #...#
####...#
#..#...#
#<@w...+
#..#...#
####...#
#...# +...+
#...# #####


You could see a dart slug.

Vanquished Creatures
  A goblin (D:1)
  A rat (D:1)
2 creatures vanquished.

Notes
Turn   | Place    | Note
-------+----------+-------------------------------------------
     0 | D:1      | shakethe the Demonspawn Necromancer began the quest for the Orb.
     0 | D:1      | Reached XP level 1. HP: 13/13 MP: 3/3
    68 | D:1      | HP: 2/13 [dart slug (1)]
    78 | D:1      | HP: 1/13 [dart slug (2)]
    81 | D:1      | Killed from afar by a dart slug

Action                   || total
-------------------------++-------
Melee: Unarmed           ||    22
 Cast: Pain              ||     5
Armor: Robe              ||     4
Dodge: Dodged            ||    12

Vault maps used:
D:1:      dpeg_arrival_prison

Table legend:
 A = Turns spent in this place as a percentage of turns spent in the entire game.
 B = Non-inter-level travel turns spent in this place as a percentage of non-inter-level travel turns spent in the entire game.
 C = Inter-level travel turns spent in this place as a percentage of turns spent in this place.
 D = Turns resting spent in this place as a percentage of non-inter-level travel turns spent in this place.
 E = Turns spent auto-exploring this place as a percentage of non-inter-level travel turns spent in this place.
 F = Non-inter-level travel turns spent in this place divided by the number of levels of this place that you've seen.
                   A       B       C       D       E      F
               +-------+-------+-------+-------+-------+----------------------
         Total | 100.0 | 100.0 |   0.0 |   8.6 |   0.0 |  81.0
       Dungeon | 100.0 | 100.0 |   0.0 |   8.6 |   0.0 |  81.0
               +-------+-------+-------+-------+-------+----------------------

Table legend:
 A = Kills in this place as a percentage of kills in entire the game.
 B = Kills by you in this place as a percentage of kills by you in the entire game.
 C = Kills by friends in this place as a percentage of kills by friends in the entire game.
 D = Other kills in this place as a percentage of other kills in the entire game.
 E = Experience gained in this place as a percentage of experience gained in the entire game.
 F = Experience gained in this place divided by the number of levels of this place that you have seen.
                   A       B       C       D       E      F
               +-------+-------+-------+-------+-------+----------------------
         Total | 100.0 | 100.0 |   N/A |   N/A | 100.0 |   2.0
       Dungeon | 100.0 | 100.0 |   N/A |   N/A | 100.0 |   2.0
               +-------+-------+-------+-------+-------+----------------------
